 Dungeon Crawl Stone Soup version 0.31-a0-345-g1ebeae05c6 (webtiles) character file.

Game seed: 17787043634455085069

113661 benadryl the Brawler (level 16, -2/194 (202) HPs)
             Began as a Troll Shapeshifter on July 22, 2023.
             Was the Champion of Ru.
             Killed from afar by a will-o-the-wisp (14 damage)
             ... with a foxfire
             ... on level 2 of the Swamp.
             The game lasted 00:59:25 (21460 turns).

benadryl the Brawler (Troll Shapeshifter)          Turns: 21460, Time: 00:59:26

HP:   -2/194 (202)  AC: 14    Str: 38    XL:     16   Next: 14%
MP:   15/15         EV: 17    Int:  4    God:    Ru [******]
Gold: 2110          SH:  5    Dex: 13    Spells: 15/15 levels left

rFire   + .          .
                       - Unarmed
rCold   . . .        J - melded +1 tower shield of New Discoveries {Dex+3}
rNeg    . . .        a - melded +1 animal skin
rPois   +            Y - melded +0 hat
rElec   +            P - melded scarf {repulsion}
rCorr   +            (gloves unavailable)
SInv    .            (boots unavailable)
Will    +....        W - amulet of reflection
Stlth   +            y - +5 ring of evasion
HPRegen 1.32/turn    Q - ring of Zyuruaha {rPois rC- rCorr AC+4 Dex+3}
MPRegen 0.14/turn

%: reflection
@: exhausted, snake-form, resistant, horrified, hasted, studying Spellcasting,
lightly drained, unable to read, very quick
A: constrict, boosted hp, large, unfitting armour, (claws 3), regeneration 1,
(shaggy fur 1), (tough skin 1), inability to read after injury 2, inability to
use devices, hated by all, cowardly, no air magic, no hexes magic, no
translocations magic
a: Begin Untransformation, Renounce Religion, Draw Out Power, Power Leap,
Apocalypse


You were on level 2 of the Swamp.
You worshipped Ru.
Ru was exalted by your worship.
You were an enormous anaconda.
You visited 4 branches of the dungeon, and saw 24 of its levels.
You visited the Abyss 1 time.
You also visited: Ossuary and Gauntlet.

You collected 2590 gold pieces.
You spent 480 gold pieces at shops.

Inventory:

Hand Weapons
 z - a +1 giant spiked club of protection
Missiles
 j - 14 javelins
 r - 16 large rocks
 K - 4 silver javelins
 L - a throwing net
Armour
 a - a +1 animal skin (melded)
 G - a +0 troll leather armour
 J - the +1 tower shield of New Discoveries (melded) {Dex+3}
   (You found it on level 13 of the Dungeon)

   Dex:       It affects your dexterity (+3).
 P - a scarf of repulsion (melded)
 V - +0 fire dragon scales
 Y - a +0 hat (melded)
Jewellery
 l - the amulet of Betil {Spirit Dex-2 Slay+2 SInv}
   (You found it on level 14 of the Dungeon)

   [amulet of guardian spirit]

   It causes incoming damage to be divided between your reserves of health and
   magic.
   Dex:       It affects your dexterity (-2).
   Slay:      It affects your accuracy & damage with ranged weapons and melee
   (+2).
   SInv:      It lets you see invisible.
 p - a ring of protection from fire
 w - a ring of see invisible
 y - a +5 ring of evasion (left hand)
 C - a ring of flight
 F - an amulet of the acrobat
 M - a +6 ring of strength
 Q - the ring of Zyuruaha (right hand) {rPois rC- rCorr AC+4 Dex+3}
   (You found it in a Gauntlet)

   [ring of protection]

   AC:        It affects your AC (+4).
   Dex:       It affects your dexterity (+3).
   rC:        It makes you vulnerable to cold.
   rPois:     It protects you from poison.
   rCorr:     It protects you from acid and corrosion.
 S - a ring of positive energy
 W - an amulet of reflection (around neck)
 X - a +6 ring of dexterity
 Z - a ring of protection from cold
Talismans
 b - a serpent talisman
 c - a beast talisman
 g - a maw talisman
Scrolls
 h - 10 scrolls of teleportation
 n - 2 scrolls of vulnerability
 q - 7 scrolls of enchant armour
 s - a scroll of brand weapon
 x - 6 scrolls of fog
 A - 9 scrolls of fear
 B - 3 scrolls of enchant weapon
 D - 2 scrolls of blinking
 E - 2 scrolls of noise
 H - 5 scrolls of revelation
 N - a scroll of butterflies
 O - 4 scrolls of immolation
 T - 3 scrolls of identify {@r1}
 U - 2 scrolls of poison
Potions
 e - 2 potions of attraction
 f - 3 potions of berserk rage
 i - 2 potions of enlightenment
 k - 4 potions of mutation
 m - 2 potions of haste
 o - 3 potions of might
 t - 4 potions of magic
 u - 8 potions of curing {@q1}
 v - 8 potions of lignification
 I - 4 potions of cancellation


   Skills:
 + Level 13.0 Fighting
 - Level 6.0 Armour
 - Level 6.4 Dodging
 - Level 2.4 Shields
 - Level 16.5 Unarmed Combat
 * Level 14.3 Shapeshifting


You had 15 spell levels left.
You didn't know any spells.
Your spell library contained the following spells:

 Spells                   Type           Power      Damage    Failure   Level
 Foxfire                  Conj/Fire      0%         2x1d4     50%         1
 Magic Dart               Conj           0%         1d3       50%         1
 Sting                    Tmut/Pois      0%         1d3       50%         1
 Searing Ray              Conj           0%         2d4       65%         2
 Wereblood                Tmut           0%         N/A       65%         2
 Olgreb's Toxic Radiance  Pois           0%         N/A       99%         4
 Fireball                 Conj/Fire      0%         3d3       100%        5
 Irradiate                Conj/Tmut      0%         3d11      100%        5
 Iskenderun's Battlesphe  Conj           0%         2d6       100%        5
 Starburst                Conj/Fire      0%         6d3       100%        6
 Orb of Destruction       Conj           0%         9d5       100%        7
 Poisonous Vapours        Pois/Air       Unusable   N/A       N/A         2
 Fulminant Prism          Conj/Hex       Unusable   3d5       N/A         4
 Conjure Ball Lightning   Conj/Air       Unusable   3x3d6     N/A         6
 Plasma Beam              Fire/Air       Unusable   2x1d10    N/A         6

Dungeon Overview and Level Annotations

Branches:
Dungeon (15/15)            Temple (0/1) D:7            Lair (5/5) D:11
  Swamp (2/4) Lair:2        Snake (0/4) Lair:3        Slime (0/5) Lair:4
    Orc (2/2) D:11            Elf (0/3) Orc:2        Vaults (0/5) D:14
 Depths (0/4) D:15        Ossuary (visited)         Gauntlet (visited)

Altars:
Cheibriados
Kikubaaqudgha
Qazlal
Ru
Wu Jian
Xom
Zin

Shops:
D:5 [*   D:10 :   D:13 (!*   Orc:2 ==[*

Annotations:
D:10 1 runed translucent door, salammoniac's ghost, novice TrSh
D:12 1 transporter
D:15 3 runed translucent doors, Ytwo Fev's ghost, adept HuIE
Lair:3 1 runed translucent door, HotCheetoh's ghost, journeyman MiFi


Innate Abilities, Weirdness & Mutations

You are an enormous anaconda.
You have a powerful constriction melee attack.
Your maximum health is increased.
Your armour is entirely melded.
You are incapable of wielding weapons or throwing items.
You are too large for most types of armour.
((You have claws for hands.))
Your natural rate of healing is unusually fast.
((You are covered in fur. (AC +1)))
((You have tough skin. (AC +1)))
You sometimes lose the ability to read scrolls when taking damage.
You cannot study or use magical devices.
You are hated by all.
Your cowardice makes you less effective in combat with threatening foes.
You cannot study or cast Air magic.
You cannot study or cast Hexes magic.
You cannot study or cast Translocations magic.


Message History

You catch the helpless will-o-the-wisp completely off-guard!
You body-slam the will-o-the-wisp!!
You destroy the will-o-the-wisp!
You are engulfed in a cloud of scalding steam.
Your Fighting skill increases to level 13!
The will-o-the-wisp gestures.
The will-o-the-wisp conjures some foxfire!
The will-o-the-wisp begins to attack, but is stunned by your conviction! 2 foxfires come into view.
You body-slam the will-o-the-wisp!!
The will-o-the-wisp is severely damaged.
The foxfire hits you!!
You hit the will-o-the-wisp but do no damage.
The will-o-the-wisp is severely damaged.
You are engulfed in a cloud of scalding steam.
The foxfire hits you!!
* * * LOW HITPOINT WARNING * * *
The will-o-the-wisp begins to attack, but is stunned by your conviction!
The will-o-the-wisp gestures.
The will-o-the-wisp conjures some foxfire! 2 foxfires come into view.
You feel better.
You are engulfed in a cloud of scalding steam.
* * * LOW HITPOINT WARNING * * *
The foxfire hits you!
* * * LOW HITPOINT WARNING * * *
The foxfire hits you!!
* * * LOW HITPOINT WARNING * * *
You focus your inner power and illuminate the will-o-the-wisp in retribution!
You cannot read scrolls in your current state!
Unknown command.
Okay, then.
You feel protected.
The will-o-the-wisp gestures.
The will-o-the-wisp conjures some foxfire! 2 foxfires come into view.
You hit the will-o-the-wisp.
The will-o-the-wisp is almost destroyed.
The foxfire hits you! You resist.
You die...

..~~.♣♣♣~♣♣...~....~.~."..♣~~~~♣
....~ ♣♣~..~~~.~♣~~~♣♣....~.~~.
.~~ ♣~.♣.~~..~♣~.♣♣♣....~....
♣♣♣♣~..♣♣♣♣♣♣♣♣♣.~.~..♣..
♣♣♣♣♣...♣♣.♣♣..~..~...
♣♣♣~~.~~~~♣♣~...~.~~
♣♣♣♣♣♣♣.§.~.≈...~♣♣.~.....
~♣♣♣~~§.♣♣..vv≈≈≈≈~. ♣.~.§~..
.~~~~~~~♣~~.Sv♣ ♣.~.~..~
♣~~......~≈v♣♣♣ ........
♣~~♣....~≈≈≈≈≈≈≈≈ .§..~..§
♣..~♣.[~≈≈♣♣≈≈. ♣~~.~~~.
♣♣~~~♣.~~≈≈≈≈≈ . ♣.~.~~.~
♣~~~~♣♣~~.~≈§.~ ♣♣~.~..~.
♣♣...~♣♣♣......♣♣♣........
♣♣♣♣♣~♣♣♣♣♣♣~♣♣♣....~...~ ♣~~♣♣
♣♣♣♣♣♣..~.~~~.~~


You could see 2 will-o-the-wisps.

Vanquished Creatures
  A lich (Abyss:4)
  A tentacled starspawn (Abyss:4)
  An Executioner (Abyss:4)
  Louise (D:15)
  A deep elf elementalist (Abyss:4)
  An eleionoma (Swamp:2)
  A bunyip (Swamp:1)
  A minotaur (Gauntlet)
  A green death (Abyss:4)
  2 fire dragons
  4 vault guards (D:14)
  An ice dragon (D:15)
  Josephine (Lair:5)
  Erolcha (D:9)
  4 ogre magi (Orc:2)
  9 hydras
  4 centaur warriors
  A death knight (D:15)
  A catoblepas (Lair:2)
  3 boulder beetles
  6 death yaks (Lair:4)
  A spriggan air mage (Swamp:1)
  3 alligators
  16 two-headed ogres
  2 tengu warriors
  2 skysharks
  A sixfirhy (Abyss:4)
  Lodul (D:12)
  A spriggan druid (Swamp:1)
  4 goliath frogs
  A death drake (Abyss:4)
  A swamp dragon (Swamp:1)
  4 bog bodies
  3 wizards
  3 lindwurms
  2 deep elf pyromancers (D:15)
  An oklob plant (Lair:4)
  3 orc knights
  5 starcursed masses (Abyss:4)
  4 orc sorcerers (Orc:2)
  3 will-o-the-wisps (Swamp:2)
  A worldbinder (Gauntlet)
  3 cyclopes
  2 manticores
  8 ugly things
  3 molten gargoyles (Lair:5)
  9 black mambas
  Maurice (D:9)
  A smoke demon (Abyss:4)
  5 cane toads
  A yaktaur (shapeshifter) (Abyss:4)
  A torpor snail (Lair:3)
  A rime drake (shapeshifter) (D:13)
  2 unseen horrors
  3 rime drakes
  An ancient zyme (Abyss:4)
  3 freezing wraiths (D:15)
  8 komodo dragons
  2 tengu conjurers
  2 bloated husks (Swamp:1)
  8 trolls
  A polar bear (Lair:2)
  5 tyrant leeches
  4 hornets
  A blink frog (shapeshifter) (D:13)
  2 raiju (Gauntlet)
  20 blink frogs
  3 slime creatures
  7 flying skulls
  2 shadows
  A vampire (D:10)
  8 wraiths
  3 spriggans (Swamp:2)
  6 water elementals (D:15)
  40 yaks
  7 wyverns
  7 basilisks
  A steam dragon (Lair:5)
  7 vampire mosquitoes
  4 large abominations (Abyss:4)
  4 wargs
  5 swamp worms
  An acid dragon (D:8)
  7 nagas (Lair:3)
  5 hell hounds (Lair:5)
  20 water moccasins
  A swamp drake (Swamp:2)
  An ice beast (D:8)
  12 orc warriors
  2 black bears
  3 boggarts (Gauntlet)
  34 ogres
  5 wolves (Lair:2)
  A tengu (shapeshifter) (Abyss:4)
  21 centaurs
  A phantom (D:6)
  2 kobold brigands
  An elf zombie (Ossuary)
  16 bullfrogs
  5 scorpions
  8 wights (D:8)
  16 killer bees
  4 electric eels
  4 troll skeletons (Swamp:1)
  2 howler monkeys (D:13)
  2 crimson imps (Abyss:3)
  4 lava snakes (Lair:5)
  10 hounds
  6 jellies
  2 human zombies (Ossuary)
  15 orc priests
  2 sleepcaps
  2 gnoll boudas
  7 iguanas
  14 orc wizards
  A lightning spire (Gauntlet)
  A hound zombie (Ossuary)
  4 mummies (Ossuary)
  5 gnolls
  10 adders
  A shadow imp (D:6)
  4 white imps
  2 adder zombies (Ossuary)
  3 worms
  A worm (shapeshifter) (D:15)
  5 dart slugs
  77 orcs
  5 endoplasms
  5 giant cockroaches
  5 goblins
  3 hobgoblins
  2 jackals (D:3)
  4 quokkas
  3 training dummies (D:13)
  6 ball pythons
  7 bats
  3 frilled lizards
  A goblin zombie (Ossuary)
  2 hobgoblin zombies (Ossuary)
  21 kobolds
  A kobold zombie (Ossuary)
  An orc zombie (Ossuary)
  6 rats
  A rat zombie (Ossuary)
736 creatures vanquished.

Vanquished Creatures (others)
  2 hydras (Lair:5)
  A two-headed ogre (Orc:2)
  A black mamba (Lair:2)
  A cane toad (Lair:5)
  An efreet (D:14)
  A swamp worm (Swamp:2)
  An orc priest (Orc:2)
  2 orcs
  A kobold (D:10)
  20 foxfires (Swamp:2)
31 creatures vanquished.

Grand Total: 767 creatures vanquished

Notes
Turn   | Place    | Note
-------+----------+-------------------------------------------
     0 | D:1      | benadryl the Troll Shapeshifter began the quest for the
                  | Orb.
     0 | D:1      | Reached XP level 1. HP: 18/18 MP: 0/0
    66 | D:1      | Reached skill level 1 in Fighting
   119 | D:1      | Reached XP level 2. HP: 14/27 MP: 1/1
   662 | D:2      | Reached XP level 3. HP: 29/33 MP: 2/2
   684 | D:2      | Reached skill level 4 in Unarmed Combat
  1194 | D:2      | Reached XP level 4. HP: 28/42 MP: 3/3
  1602 | D:3      | Found a faded altar of an unknown god.
  1619 | D:3      | Reached skill level 5 in Unarmed Combat
  1619 | D:3      | Reached XP level 5. HP: 45/49 MP: 4/4
  1630 | D:3      | Prayed at the altar of an unknown god.
  1630 | D:3      | Became a worshipper of Ru the Awakened
  1642 | D:3      | Gained mutation: Your cowardice makes you less effective in
                  | combat with threatening foes. [Ru sacrifice]
  1642 | D:3      | Reached * piety under Ru
  1802 | D:4      | Identified the +2 long sword of Tuqy {heavy, rC+++ Will-
                  | Dex-5 Stlth+}
  1911 | D:4      | Reached XP level 6. HP: 58/59 MP: 5/5
  2046 | D:4      | Reached skill level 6 in Unarmed Combat
  2222 | D:4      | Reached XP level 7. HP: 66/67 MP: 6/6
  2431 | D:5      | Entered Level 5 of the Dungeon
  2431 | D:5      | Found Zivoecs's Lightly-Used Armoury.
  2562 | D:5      | Reached skill level 7 in Unarmed Combat
  2599 | D:5      | Found Qasemu's Armour Boutique.
  2771 | D:5      | Gained mutation: You cannot study or use magical devices.
                  | [Ru sacrifice]
  2771 | D:5      | Reached ** piety under Ru
  2771 | D:5      | Reached *** piety under Ru
  2858 | D:5      | Reached XP level 8. HP: 78/78 MP: 7/7
  3133 | D:6      | Reached skill level 8 in Unarmed Combat
  3225 | D:6      | Found a sand-covered staircase.
  3304 | Ossuary  | Entered an ossuary
  3344 | Ossuary  | Reached skill level 5 in Shapeshifting
  3806 | D:6      | Reached skill level 9 in Unarmed Combat
  4057 | D:6      | You fall into a shaft and drop 2 floors!
  4100 | D:8      | Reached skill level 5 in Fighting
  4100 | D:8      | Reached XP level 9. HP: 74/88 MP: 8/8
  4333 | D:8      | Found a viscous altar of Jiyva.
  4508 | D:8      | Gained mutation: You cannot study or cast Air magic. [Ru
                  | sacrifice]
  4508 | D:8      | Gained mutation: You cannot study or cast Hexes magic. [Ru
                  | sacrifice]
  4508 | D:8      | Gained mutation: You cannot study or cast Translocations
                  | magic. [Ru sacrifice]
  4508 | D:8      | Reached **** piety under Ru
  4508 | D:8      | Reached ***** piety under Ru
  5194 | D:7      | Found a shimmering altar of Xom.
  5448 | D:7      | Found a staircase to the Ecumenical Temple.
  5539 | D:7      | Found an ancient bone altar of Kikubaaqudgha.
  6431 | D:9      | Reached XP level 10. HP: 80/100 MP: 9/9
  6652 | D:9      | Noticed Maurice
  6668 | D:9      | Killed Maurice
  6746 | D:9      | Gained mutation: You are hated by all. [Ru sacrifice]
  6966 | D:9      | Noticed Erolcha
  6976 | D:9      | Killed Erolcha
  7103 | D:10     | Entered Level 10 of the Dungeon
  7189 | D:10     | Reached skill level 1 in Armour
  7349 | D:10     | Noticed a two-headed ogre
  7357 | D:10     | Killed a two-headed ogre
  7401 | D:10     | Found Plog's Book Shoppe.
  7471 | D:10     | Found an ornate altar of the Wu Jian Council.
  7475 | D:10     | Found a snail-covered altar of Cheibriados.
  7478 | D:10     | Found a glowing silver altar of Zin.
  7619 | D:10     | Found a runed translucent door.
  7620 | D:10     | Noticed salammoniac's ghost (novice TrSh)
  7622 | D:10     | Identified the +3 spear of Eczetah {freeze, rN+}
  7728 | D:10     | Reached XP level 11. HP: 110/110 MP: 10/10
  8112 | D:11     | Found a staircase to the Lair.
  8387 | D:11     | Gained mutation: You occasionally lose the ability to read
                  | scrolls when taking damage. [Ru sacrifice]
  8387 | D:11     | Gained mutation: You sometimes lose the ability to read
                  | scrolls when taking damage. [Ru sacrifice]
  8387 | D:11     | Reached ****** piety under Ru
  8694 | D:11     | Found a staircase to the Orcish Mines.
  8979 | D:12     | Reached skill level 5 in Dodging
  8996 | D:12     | Noticed Lodul
  9001 | D:12     | Killed Lodul
  9002 | D:12     | Reached skill level 5 in Armour
  9068 | D:12     | Noticed a green ugly thing
  9070 | D:12     | Killed a green ugly thing
  9254 | D:12     | Found a transporter.
  9397 | D:12     | Noticed a two-headed ogre
  9403 | D:12     | Killed a two-headed ogre
  9713 | D:12     | Noticed a boulder beetle
  9725 | D:12     | Killed a boulder beetle
  9782 | D:13     | Noticed a centaur warrior
  9789 | D:13     | Killed a centaur warrior
  9820 | D:13     | Reached XP level 12. HP: 122/122 MP: 11/11
  9910 | D:13     | Identified the +1 tower shield of New Discoveries {Dex+3}
  9934 | D:13     | Found Kanal's Assorted Antiques.
  9961 | D:13     | Found Ruceni's Distillery.
 10430 | D:13     | Found Igacig's Firing Range.
 10619 | Lair:1   | Entered Level 1 of the Lair of Beasts
 10900 | Lair:1   | Reached skill level 10 in Unarmed Combat
 10984 | Lair:1   | You fall into a shaft and drop 1 floor!
 11207 | Lair:2   | Reached skill level 11 in Unarmed Combat
 11207 | Lair:2   | Reached skill level 10 in Shapeshifting
 11303 | Lair:2   | Noticed an eight-headed hydra
 11308 | Lair:2   | Killed an eight-headed hydra
 11566 | Lair:2   | Noticed a catoblepas
 11572 | Lair:2   | Killed a catoblepas
 11744 | Lair:2   | Reached XP level 13. HP: 132/132 MP: 12/12
 11744 | Lair:2   | Found a staircase to the Swamp.
 12098 | Lair:3   | Found a gate leading to a gauntlet.
 12107 | Lair:3   | Reached skill level 12 in Unarmed Combat
 12112 | Gauntlet | Entered a Gauntlet
 12112 | Gauntlet | Found a transporter.
 12112 | Gauntlet | Found a transporter.
 12112 | Gauntlet | Found a transporter.
 12113 | Gauntlet | Found a transporter.
 12114 | Gauntlet | Found a transporter.
 12117 | Gauntlet | Found a transporter.
 12124 | Gauntlet | Found a transporter.
 12125 | Gauntlet | Found a transporter.
 12126 | Gauntlet | Found a transporter.
 12128 | Gauntlet | Found a transporter.
 12136 | Gauntlet | Found a transporter.
 12136 | Gauntlet | Found a transporter.
 12244 | Gauntlet | Found the +3 pair of gauntlets of War {Slay+5}
 12386 | Gauntlet | Identified the ring of Zyuruaha {rPois rC- rCorr AC+4
                  | Dex+3}
 12460 | Gauntlet | Noticed a minotaur
 12464 | Gauntlet | Killed a minotaur
 12470 | Gauntlet | Identified the +8 long sword of Compassion {freeze, Fly rF+
                  | Str+3 Int-4}
 12695 | Lair:3   | Reached skill level 10 in Fighting
 12866 | Lair:3   | Found a runed translucent door.
 12869 | Lair:3   | Noticed HotCheetoh's ghost (journeyman MiFi)
 13324 | Lair:3   | Found a staircase to the Snake Pit.
 13386 | Lair:3   | Reached skill level 13 in Unarmed Combat
 13930 | Lair:4   | Found a staircase to the Slime Pits.
 14461 | Lair:5   | Entered Level 5 of the Lair of Beasts
 14461 | Lair:5   | Noticed Josephine
 14464 | Lair:5   | Killed Josephine
 14474 | Lair:5   | Reached XP level 14. HP: 89/144 MP: 8/13
 14558 | Lair:5   | Reached skill level 14 in Unarmed Combat
 14809 | Lair:5   | Found a large runed translucent door.
 14809 | Lair:5   | Found a large runed translucent door.
 16066 | D:14     | Reached skill level 15 in Unarmed Combat
 16196 | D:14     | Identified the amulet of Betil {Spirit Dex-2 Slay+2 SInv}
 16236 | D:14     | Identified the +1 ring mail "Puafoge" {-Tele rPois Str-5
                  | Dex+7}
 16312 | D:14     | Found a gate to the Vaults.
 16634 | D:15     | Entered Level 15 of the Dungeon
 17029 | D:15     | Noticed Louise
 17044 | Abyss:3  | Cast into level 3 of the Abyss (Louise)
 17103 | Abyss:4  | Found a corrupted altar of Lugonu.
 17200 | Abyss:4  | Noticed a tentacled starspawn
 17205 | Abyss:4  | Killed a tentacled starspawn
 17277 | Abyss:4  | Reached XP level 15. HP: 102/131 MP: 14/14
 17278 | Abyss:4  | Reached skill level 16 in Unarmed Combat
 17334 | Abyss:4  | Noticed a lich
 17340 | Abyss:4  | Killed a lich
 17350 | Abyss:4  | Found a stormy altar of Qazlal.
 17400 | Abyss:4  | Noticed an Executioner
 17409 | Abyss:4  | Killed an Executioner
 17504 | D:15     | Escaped the Abyss
 17658 | Orc:1    | Entered Level 1 of the Orcish Mines
 17811 | Orc:2    | Entered Level 2 of the Orcish Mines
 18007 | Orc:2    | Found Oriragef's Assorted Antiques.
 18007 | Orc:2    | Found Biel Huu's Jewellery Emporium.
 18008 | Orc:2    | Found Jugg's Armour Emporium.
 18008 | Orc:2    | Found Ziotergh's Jewellery Boutique.
 18568 | Orc:2    | Bought a maw talisman for 480 gold pieces
 18612 | Orc:2    | Reached skill level 1 in Shields
 18645 | Orc:2    | Found a staircase to the Elven Halls.
 19140 | D:15     | Found a runed translucent gate.
 19140 | D:15     | Found a runed translucent gate.
 19140 | D:15     | Found a runed translucent gate.
 19140 | D:15     | Noticed a rockslime
 19141 | D:15     | Noticed an acid blob
 19141 | D:15     | Noticed Ytwo Fev's ghost (adept HuIE)
 19346 | D:15     | Found a stormy altar of Qazlal.
 19359 | D:15     | Killed Louise
 19630 | D:15     | Found a staircase to the Depths.
 20238 | Swamp:1  | Entered Level 1 of the Swamp
 20994 | Swamp:2  | Identified the +0 glaive "Muradelo" {freeze, rN+ Str+3}
 21017 | Swamp:2  | Reached XP level 16. HP: 154/167 MP: 15/15
 21460 | Swamp:2  | Killed from afar by a will-o-the-wisp

Illustrated notes

Levels and vault maps discovered:
D:1:      heliophobic_arrival_enchanted_forest, layout_basic
D:2:      layout_rooms, nicolae_eternal_life, nicolae_elevator_lobby_plus
D:3:      layout_basic, hellmonk_ecumenical_altar_dog_temple
D:4:      minmay_diamond_boxcup, layout_basic
D:5:      minmay_angry_zag, layout_rooms, serial_shops,
          nicolae_inconvenience_store, kennysheep_cross_room, amethyst_killhole,
          minmay_shop_damaged, minmay_crystal_room
D:6:      layout_basic, nicolae_ossuary_entry_false_entrances,
          serial_bayou_lake_a
D:7:      layout_loops_ring, mainiacjoe_overflow_boulevard,
          kiku_gazebo_garden_becter, minmay_temple_entry_antechambers,
          amcnicky_mini_corridor_feature
D:8:      layout_gridville, jiyva_altar_1
D:9:      layout_roguey, minmay_misc_feat_cross, uniq_maurice, uniq_erolcha
D:10:     layout_loops_corners, grunt_temple_overflow_diamond,
          ebering_ghost_funeral_grove, serial_shops, shop
D:11:     layout_stronghold, due_lair_maze_entry_diamond, orc_0_dummy,
          grunt_decor_clamped
D:12:     layout_irregular_city, nicolae_diode_basic, uniq_lodul
D:13:     layout_irregular_city, serial_shops, nicolae_shop_tiny_statue_garden,
          nicolae_shop_advertising_works [nicolae_subvault_shop_adworks],
          serial_rivers, chequers_serial_rivers_small_3,
          chequers_serial_rivers_large_b, chequers_serial_rivers_micro_c,
          chequers_serial_rivers_micro_e, chequers_serial_rivers_small_a,
          chequers_serial_rivers_micro_e, minmay_misc_feat_hallway,
          nicolae_shop_firing_range
D:14:     layout_loops_ring, lightli_vaults_fourway_checkpoint,
          lemuel_freeze_loot_1
D:15:     grunt_enter_depths_hoard, layout_basic, gammafunk_ghost_ooze,
          grunt_qazlal_clouds, roderic_lattice_a, grunt_decor_mini_mirrors,
          uniq_louise
Lair:1:   layout_big_grid, st_stairs_8, grunt_megastairs_3
Lair:2:   layout_roguey, minmay_swamp_entry_worms
Lair:3:   layout_roguey, minmay_snake_entry_guardpost_medium,
          gauntlet_entry_generic, ebering_ghost_reflecting_pool,
          grunt_megastairs_1, lemuel_fruit_tree
Lair:4:   layout_regular_city, slime_entry_1, grunt_megastairs_5
Lair:5:   cheibrodos_lair_end_hotspot, layout_regular_city, uniq_josephine
Swamp:1:  layout_falls_marsh, evilmike_swamp_ruin_rubble_2, swamp_pool1,
          cheibrodos_swamp_minitomb
Swamp:2:  layout_basic_swamp, nicolae_swamp_triple_paths, swamp_pool5,
          hangedman_swamp_blocks, nicolae_swamp_wisp_ring_woods,
          infiniplex_staircase_pool
Orc:1:    layout_caves, bh_open_orc_temple
Orc:2:    st_orc_ogre_mass, layout_diamond_mine

Skill      XL: |  1  2  3  4  5  6  7  8  9 10 11 12 13 14 15 16 |
---------------+-------------------------------------------------+-----
Fighting       | 1 2 3 4 5 6 7 8 9 10 11 12 13 | 13.0
Unarmed Combat | 4 5 6 7 9 11 13 15 16 | 16.5
Shapeshifting  | 4 5 8 9 10 11 12 14 | 14.3
Armour         | 3 6 |  6.0
Dodging        | 3 6 |  6.4
Shields        | 2 |  2.4

Action                     |  1- 3 |  4- 6 |  7- 9 | 10-12 | 13-15 | 16-18 || total
---------------------------+-------+-------+-------+-------+-------+-------++-------
  Melee: Unarmed           |    81 |   131 |   302 |   421 |   702 |    52 ||  1689
         Punch             |       |     1 |    18 |       |       |       ||    19
         Constrict         |       |       |       |    71 |   136 |     9 ||   216
         Maw               |       |       |       |       |     9 |       ||     9
  Throw: Large rock        |       |       |     1 |       |       |       ||     1
 Invoke: Sacrifice Courage |       |     1 |       |       |       |       ||     1
         Sacrifice Artific |       |       |     1 |       |       |       ||     1
         Power Leap        |       |       |     2 |     5 |     7 |     2 ||    16
         Apocalypse        |       |       |     1 |     2 |     5 |       ||     8
         Sacrifice Arcana  |       |       |     1 |       |       |       ||     1
         Draw Out Power    |       |       |       |     1 |     4 |     1 ||     6
         Sacrifice Love    |       |       |       |     1 |       |       ||     1
         Sacrifice Words   |       |       |       |     1 |       |       ||     1
    Use: Potion            |       |     1 |     1 |       |     9 |     3 ||    14
         Scroll            |       |     5 |    13 |    10 |     6 |       ||    34
   Stab: Sleeping          |     1 |     1 |     1 |       |       |       ||     3
         Invisible         |       |       |     1 |     6 |     4 |     2 ||    13
         Distracted        |       |       |       |     2 |     4 |       ||     6
         Paralysed         |       |       |       |     3 |    23 |       ||    26
 Armour: Animal skin       |    19 |    37 |   102 |    12 |       |       ||   170
         Skin              |       |    27 |    41 |    95 |   162 |    12 ||   337
  Dodge: Dodged            |    53 |    48 |   160 |   317 |   404 |    24 ||  1006
  Block: Other             |       |       |       |       |    68 |     5 ||    73
         Reflection        |       |       |       |       |     6 |       ||     6
         Tower shield      |       |       |       |       |    20 |       ||    20
   Form: Anaconda          |       |       |       |     1 |     1 |       ||     2
         Maw               |       |       |       |       |     1 |       ||     1

Table legend: (Time is in decaauts)
 A = Elapsed time spent in this place.
 B = Non-inter-level travel time spent in this place.
 C = Inter-level travel time spent in this place.
 D = Time resting spent in this place.
 E = Time spent auto-exploring this place.
 F = Levels seen in this place.
 G = Mean time per level.
                   A        B        C        D        E       F      G
               +--------+--------+--------+--------+--------+-----+--------+
         Total |  21122 |  19898 |   1224 |   2229 |  13084 |  28 |  754.4 |
       Dungeon |  12795 |  11937 |    858 |    952 |   8731 |  15 |  853.0 |
          Lair |   4904 |   4686 |    218 |    538 |   3222 |   5 |  980.8 |
         Swamp |   1168 |   1136 |     32 |    207 |    558 |   2 |  584.0 |
  Orcish Mines |   1262 |   1147 |    115 |    312 |    532 |   2 |  631.0 |
         Abyss |    405 |    405 |      0 |    133 |      0 |   2 |  202.5 |
       Ossuary |    232 |    232 |      0 |     33 |     41 |   1 |  232.0 |
      Gauntlet |    354 |    354 |      0 |     53 |      0 |   1 |  354.0 |
               +--------+--------+--------+--------+--------+-----+--------+

Top non-repeatable levels by time:
    D:15: 1516 daAuts
  Lair:5: 1371 daAuts
     D:8: 1147 daAuts
  Lair:2: 1140 daAuts
  Lair:3: 1100 daAuts
     D:6: 1054 daAuts
    D:10: 950 daAuts
    D:11: 944 daAuts
    D:12: 943 daAuts
  Lair:4: 902 daAuts
    D:13: 893 daAuts
     D:7: 790 daAuts
    D:14: 749 daAuts
     D:9: 719 daAuts
     D:2: 710 daAuts
